 Dungeon Crawl Stone Soup version 0.21.1-1-g345015f (webtiles) character file.

51279 nicolaieve the Severer (level 14, -27/121 HPs)
             Began as a Minotaur Berserker on June 13, 2018.
             Was the Champion of Trog.
             Killed from afar by a fire dragon (32 damage)
             ... with a blast of flame
             ... on level 12 of the Dungeon.
             The game lasted 01:21:32 (15479 turns).

nicolaieve the Severer (Minotaur Berserker)        Turns: 15479, Time: 01:21:33

Health: -27/121    AC: 20    Str: 24    XL:     14   Next: 22%
Magic:  13/13      EV: 10    Int:  4    God:    Trog [******]
Gold:   1251       SH:  0    Dex: 13    Spells: 13/13 levels left

rFire    . . .     SeeInvis .   W - +6 executioner's axe (flame)
rCold    . . .     Gourm    .   (shield currently unavailable)
rNeg     . . .     Faith    .   b - +0 plate armour
rPois    .         Spirit   .   (helmet restricted)
rElec    .         Reflect  .   K - +0 cloak
rCorr    +         Harm     .   i - +0 pair of gloves
MR       +....                  (no boots)
Stlth    ..........             u - amulet of magic regeneration
HPRegen  0.30/turn              V - ring of resist corrosion
MPRegen  0.38/turn              m - +2 ring of slaying

@: no status effects
A: retaliatory headbutt, horns 2
a: Berserk, Trog's Hand, Brothers in Arms, Burn Spellbooks, Renounce Religion


You were on level 12 of the Dungeon.
You worshipped Trog.
Trog was exalted by your worship.
You were not hungry.

You visited 2 branches of the dungeon, and saw 18 of its levels.

You collected 1251 gold pieces.

Inventory:

Hand Weapons
 l - a +3 broad axe of electrocution
 R - a +0 battleaxe
 W - a +6 executioner's axe of flaming (weapon)
Armour
 b - a +0 plate armour (worn)
 i - a +0 pair of gloves (worn)
 K - a +0 cloak (worn)
Jewellery
 m - a +2 ring of slaying (right hand)
 r - an uncursed ring of protection from cold
 u - an amulet of magic regeneration (around neck)
 v - a +4 ring of evasion
 M - an uncursed ring of positive energy
 T - a cursed amulet of inaccuracy {unknown}
 U - an uncursed ring of positive energy
 V - a ring of resist corrosion (left hand)
Wands
 d - a wand of acid (11)
 n - a wand of disintegration (23)
 p - a wand of iceblast (6)
 E - a wand of paralysis (7)
 I - a wand of scattershot (6)
 L - a wand of flame (41)
 N - a wand of random effects (22)
 P - a wand of polymorph (26)
 Q - a wand of digging (31)
 Y - a wand of enslavement (28)
Scrolls
 e - 7 scrolls of remove curse
 f - a scroll of immolation {unknown}
 g - 3 scrolls of enchant weapon {unknown}
 o - 6 scrolls of random uselessness
 q - 5 scrolls of amnesia
 s - 3 scrolls of noise {unknown}
 x - 3 scrolls of enchant armour {unknown}
 y - 4 scrolls of teleportation {unknown}
 C - a scroll of fear {unknown}
 D - 6 scrolls of magic mapping
 F - a scroll of fog {unknown}
 H - a scroll of acquirement {unknown}
 J - a scroll of brand weapon {unknown}
 X - a scroll of blinking {unknown}
 Z - a scroll of identify
Potions
 a - 3 potions of curing
 h - 6 potions of heal wounds
 j - 4 potions of lignification
 k - 3 potions of flight
 w - 7 potions of agility
 z - a potion of brilliance
 A - a potion of invisibility
 G - a potion of might
 O - 3 potions of mutation
 S - a potion of ambrosia
Books
 t - a book of Misfortune

   Spells                             Type                      Level
   a - Confusing Touch                Hexes                        1
   b - Confuse                        Hexes                        3
   c - Gell's Gravitas                Translocation                3
   d - Petrify                        Transmutation/Earth          4
   e - Metabolic Englaciation         Hexes/Ice                    5
   f - Yara's Violent Unravelling     Hexes/Transmutation          5
   Trog disapproves of the use of such an item.
Comestibles
 c - 25 rations
 B - 18 chunks of flesh


   Skills:
 + Level 10.3 Fighting
 * Level 20.9 Axes
 + Level 15.3 Armour
 + Level 4.4 Dodging
 + Level 2.6 Stealth
 + Level 0.5 Evocations


You had 13 spell levels left.
You didn't know any spells.

Dungeon Overview and Level Annotations

Branches:
Dungeon (12/15)            Temple (0/1) D:6            Lair (6/6) D:9
 Shoals (0/4) Lair:4       Spider (0/4) Lair:3        Slime (0/5) Lair:6
    Orc: D:9-12

Altars:
Ashenzari
Cheibriados
Dithmenos
Elyvilon
Fedhas
Hepliaklqana
Makhleb
Nemelex Xobeh
Okawaru
Qazlal
Sif Muna
Trog
Wu Jian
Yredelemnul
The Shining One
Jiyva

Shops:
D:9 %   D:10 ?


Innate Abilities, Weirdness & Mutations

You reflexively headbutt those who attack you in melee.
You have a pair of horns on your head.


Message History

The fire dragon bites you but does no damage.
The fire dragon closely misses you. The fire dragon barely misses you.
The fire dragon breathes flames at you. The blast of flame hits you!
* * * LOW HITPOINT WARNING * * *
The fire dragon bites you but does no damage.
The fire dragon closely misses you.
The fire dragon tramples you but does no damage.
The fire dragon barely misses you.
The fire dragon claws you but does no damage.
The fire dragon tramples you but does no damage.
The fire dragon closely misses you. The fire dragon barely misses you.
The fire dragon tramples you but does no damage.
The fire dragon bites you.
* * * LOW HITPOINT WARNING * * *
The fire dragon claws you but does no damage.
The fire dragon closely misses you. The fire dragon breathes flames at you.
The blast of flame hits you!
You die...

... |###### #.# ...
#.####+### #.#.......
#.#....... .### #.#.......
.... ######......... ....
#%.@D.))..#... ....
........###'###..# #...
#.###..##.(#).##..########
#..##..###..##.........
#.##..# ##..##..###'##
#.#..# ##..# ##..#.. # #.#
##.###.##### +# ##.#.# #
##...#


You could see a fire dragon.

Vanquished Creatures
  6 hydras
  3 catoblepae
  4 two-headed ogres
  3 death yaks (Lair:4)
  2 cyclopes (D:12)
  3 black mambas
  A centaur zombie (D:10)
  Maurice (D:10)
  12 spiny frogs
  A torpor snail (Lair:3)
  6 rime drakes
  8 komodo dragons
  The ghost of inc the Chiller, a novice OpIE (D:5)
  8 polar bears
  5 trolls
  A queen bee (D:10)
  Prince Ribbit (Lair:1)
  15 blink frogs
  3 hornets (Lair:6)
  8 hippogriffs
  4 dream sheep (Lair:5)
  Sigmund (D:3)
  11 spriggans (Lair:6)
  40 yaks
  2 redbacks (Lair:3)
  4 wyverns
  3 hungry ghosts
  A wraith (D:12)
  An acid dragon (D:12)
  4 vampire mosquitoes (Lair:5)
  An insubstantial wisp (Lair:5)
  14 water moccasins
  8 porcupines
  3 orc warriors
  2 sky beasts
  3 boggarts (Lair:6)
  5 phantoms
  7 black bears
  A necrophage (D:11)
  4 centaurs
  24 wolves
  4 ogres
  11 crocodiles
  A big kobold (D:10)
  10 bullfrogs
  3 gnoll sergeants
  3 scorpions
  33 killer bees
  9 howler monkeys
  4 wights (D:11)
  2 crimson imps
  2 quasits
  A bullfrog skeleton (D:5)
  2 bullfrog zombies
  5 hounds
  4 centaur skeletons
  6 orc priests
  3 jellies
  8 orc wizards
  Jessica (D:3)
  Natasha (D:2)
  7 worker ants
  Ijyb (D:3)
  An iguana (D:5)
  A hound zombie (D:10)
  2 hound skeletons (D:6)
  3 worker ant zombies
  Robin (D:3)
  16 gnolls
  10 adders
  2 shadow imps
  4 oozes
  5 worms
  2 dart slugs
  4 leopard geckos
  45 orcs
  2 ball pythons
  8 giant cockroaches
  10 goblins
  11 hobgoblins
  7 jackals
  10 kobolds
  3 quokkas
  6 bats
  4 frilled lizards
  A leopard gecko skeleton (D:5)
  9 rats
523 creatures vanquished.

Vanquished Creatures (others)
  A hornet (Lair:6)
  8 fungi
  A plant (Lair:1)
10 creatures vanquished.

Grand Total: 533 creatures vanquished

Notes
Turn   | Place    | Note
-------+----------+-------------------------------------------
     0 | D:1      | nicolaieve the Minotaur Berserker began the quest for the Orb.
     0 | D:1      | Reached XP level 1. HP: 19/19 MP: 0/0
    55 | D:1      | Reached XP level 2. HP: 22/27 MP: 1/1
    65 | D:1      | Reached skill level 4 in Axes
   817 | D:2      | Noticed a sky beast
   824 | D:2      | Reached XP level 3. HP: 33/33 MP: 2/2
   827 | D:2      | Killed a sky beast
   827 | D:2      | Reached skill level 6 in Axes
   827 | D:2      | Reached XP level 4. HP: 39/40 MP: 3/3
   879 | D:2      | Reached ** piety under Trog
   924 | D:2      | Found a shadowy altar of Dithmenos.
   959 | D:2      | Reached XP level 5. HP: 36/46 MP: 4/4
  1008 | D:2      | Noticed Natasha
  1017 | D:2      | Reached skill level 7 in Axes
  1026 | D:2      | Killed Natasha
  1475 | D:3      | Noticed Jessica
  1481 | D:3      | Killed Jessica
  1566 | D:3      | Noticed Sigmund
  1570 | D:3      | Killed Sigmund
  1570 | D:3      | Reached skill level 8 in Axes
  1570 | D:3      | Reached XP level 6. HP: 52/52 MP: 5/5
  1582 | D:3      | Reached skill level 9 in Axes
  1586 | D:3      | Noticed Ijyb
  1605 | D:3      | Killed Ijyb
  1687 | D:3      | Reached *** piety under Trog
  1752 | D:3      | Reached XP level 7. HP: 42/59 MP: 6/6
  1780 | D:3      | Found a burning altar of Makhleb.
  2207 | D:3      | Noticed Robin
  2217 | D:3      | Killed Robin
  2408 | D:5      | Entered Level 5 of the Dungeon
  2524 | D:4      | Reached skill level 10 in Axes
  2871 | D:4      | Found a shadowy altar of Dithmenos.
  2955 | D:4      | Reached XP level 8. HP: 65/66 MP: 7/7
  3166 | D:3      | Found a snail-covered altar of Cheibriados.
  3197 | D:5      | Reached skill level 5 in Armour
  3202 | D:5      | Reached **** piety under Trog
  3626 | D:5      | Noticed inc's ghost (novice OpIE)
  3636 | D:5      | Killed inc's ghost
  3884 | D:5      | Found a deep blue altar of Sif Muna.
  4070 | D:6      | Found a white marble altar of Elyvilon.
  4122 | D:6      | Found a basalt altar of Yredelemnul.
  4149 | D:6      | Reached XP level 9. HP: 71/71 MP: 8/8
  4185 | D:6      | Found a sparkling altar of Nemelex Xobeh.
  4225 | D:6      | Found a glowing golden altar of the Shining One.
  4303 | D:6      | Reached skill level 10 in Armour
  4306 | D:6      | Found a stormy altar of Qazlal.
  4773 | D:6      | Found a staircase to the Ecumenical Temple.
  4943 | D:6      | Found an iron altar of Okawaru.
  5088 | D:7      | Reached skill level 11 in Axes
  5746 | D:8      | Reached ***** piety under Trog
  5749 | D:8      | Received a gift from Trog
  5749 | D:8      | Reached skill level 12 in Axes
  5901 | D:8      | Reached skill level 5 in Fighting
  6050 | D:8      | Noticed a moth of wrath
  6053 | D:8      | Found a bloodstained altar of Trog.
  6165 | D:8      | Found a shattered altar of Ashenzari.
  6286 | D:8      | Found a hazy altar of Hepliaklqana.
  6442 | D:9      | Found Laypt's Food Boutique.
  6482 | D:9      | Reached skill level 13 in Axes
  6557 | D:9      | Noticed a troll
  6565 | D:9      | Reached XP level 10. HP: 75/83 MP: 9/9
  6760 | D:9      | Noticed a two-headed ogre
  6764 | D:9      | Killed a two-headed ogre
  6764 | D:9      | Reached skill level 14 in Axes
  6949 | D:9      | Found a staircase to the Lair.
  7090 | D:9      | Found an ornate altar of the Wu Jian Council.
  7091 | D:9      | Found a blossoming altar of Fedhas.
  7280 | Lair:1   | Entered Level 1 of the Lair of Beasts
  7294 | Lair:1   | Reached skill level 15 in Axes
  7473 | Lair:1   | Reached XP level 11. HP: 57/92 MP: 10/10
  7592 | Lair:1   | Noticed a seven-headed hydra
  7596 | Lair:1   | Killed a five-headed hydra
  7666 | Lair:1   | Noticed Prince Ribbit
  7678 | Lair:1   | Reached skill level 16 in Axes
  7687 | Lair:1   | Killed Prince Ribbit
  8404 | Lair:2   | Noticed an eight-headed hydra
  8415 | Lair:2   | Killed a three-headed hydra
  9111 | Lair:3   | Reached skill level 17 in Axes
  9272 | Lair:3   | Found a hole to the Spider Nest.
  9278 | Lair:3   | Reached XP level 12. HP: 46/106 MP: 11/11
  9339 | Lair:3   | Reached skill level 10 in Fighting
  9708 | Lair:3   | Noticed a five-headed hydra
  9719 | Lair:3   | Killed a one-headed hydra
 10131 | Lair:4   | Noticed a death yak
 10186 | Lair:4   | Noticed a death yak
 10186 | Lair:4   | Killed a death yak
 10194 | Lair:4   | Noticed a death yak
 10201 | Lair:4   | Killed a death yak
 10202 | Lair:4   | Killed a death yak
 10389 | Lair:4   | Received a gift from Trog
 10725 | Lair:4   | Found a staircase to the Shoals.
 10903 | Lair:5   | Reached skill level 18 in Axes
 11189 | Lair:5   | Noticed a four-headed hydra
 11195 | Lair:5   | Killed a one-headed hydra
 11738 | Lair:6   | Entered Level 6 of the Lair of Beasts
 11742 | Lair:6   | Reached XP level 13. HP: 113/113 MP: 12/12
 11855 | Lair:6   | Reached skill level 1 in Stealth
 12148 | Lair:6   | Found a runed door.
 12150 | Lair:6   | Found a viscous altar of Jiyva.
 12155 | Lair:6   | Found a staircase to the Slime Pits.
 12494 | Lair:6   | Reached ****** piety under Trog
 12559 | Lair:6   | Reached skill level 19 in Axes
 12559 | Lair:6   | Reached skill level 15 in Armour
 12648 | Lair:6   | Received a gift from Trog
 13827 | D:10     | Entered Level 10 of the Dungeon
 13984 | D:10     | Reached skill level 20 in Axes
 14132 | D:10     | Noticed Maurice
 14140 | D:10     | Killed Maurice
 14213 | D:10     | Received a gift from Trog
 14401 | D:10     | Found Myuxut's Magic Scroll Boutique.
 14669 | D:11     | Reached XP level 14. HP: 77/121 MP: 13/13
 15478 | D:12     | HP: 5/121 [fire dragon (4)]
 15479 | D:12     | Killed from afar by a fire dragon

Skill      XL: |  1  2  3  4  5  6  7  8  9 10 11 12 13 |
---------------+----------------------------------------+-----
Fighting       | 4 5 7 9 10 | 10.3
Axes           | 4 6 8 9 10 13 15 17 18 20 | 20.9
Armour         | 4 9 10 12 14 15 | 15.3
Stealth        | 2 |  2.6
Dodging        | 4 |  4.4
Evocations     | |  0.5

Action                   |  1- 3 |  4- 6 |  7- 9 | 10-12 | 13-15 || total
-------------------------+-------+-------+-------+-------+-------++-------
Melee: Hand axe          |    43 |   123 |   336 |   496 |   214 ||  1212
       Headbutt          |    12 |    20 |    49 |   128 |   100 ||   309
       Executioner's axe |       |       |       |       |   214 ||   214
Invok: Berserk           |     1 |     1 |     5 |    10 |     4 ||    21
       Trog's Hand       |       |     1 |       |     3 |     1 ||     5
       Burn Spellbooks   |       |       |     1 |     1 |     1 ||     3
Evoke: Wand              |       |       |     2 |       |       ||     2
  Use: Scroll            |       |       |     8 |     4 |     4 ||    16
       Potion            |       |       |       |     1 |       ||     1
 Stab: Petrified         |       |       |       |       |     4 ||     4
  Eat: Chunk             |       |     5 |    17 |    14 |    19 ||    55
       Ration            |       |       |     1 |     4 |       ||     5
Armor: Animal skin       |    10 |     5 |       |       |       ||    15
       Ring mail         |       |    46 |    30 |       |       ||    76
       Plate armour      |       |       |   142 |   191 |   266 ||   599
Dodge: Dodged            |    22 |    86 |   204 |   239 |   311 ||   862
